 Dungeon Crawl Stone Soup version 0.18.1-8-gdd0e5ea (webtiles) character file.

163 Gargoyl the Skirmisher (level 5, -3/42 HPs)
             Began as a Demonspawn Abyssal Knight on May 29, 2016.
             Was a Believer of Lugonu.
             Killed from afar by Sigmund (4 damage)
             ... with a puff of flame
             ... on level 2 of the Dungeon.
             The game lasted 00:04:04 (2465 turns).

Gargoyl the Skirmisher (Demonspawn Abyssal Knight)  Turns: 2465, Time: 00:04:04

Health: -3/42      AC: 13    Str: 12    XL:     5   Next: 20%
Magic:  7/7        EV:  6    Int: 14    God:    Lugonu [**....]
Gold:   46         SH:  0    Dex: 12    Spells: 0 memorised, 4 levels left

rFire  . . .     SeeInvis .     a - +1 hand axe
rCold  . . .     Gourm    .     d - +0 chain mail
rNeg   . . .     Faith    .     (no shield)
rPois  .         Spirit   .     (no helmet)
rElec  .         Dismiss  .     (no cloak)
rCorr  .         Reflect  .     (no gloves)
SustAt .         Harm     .     (no boots)
MR     .....                    (no amulet)
Stlth  ..........               (no ring)
                                (no ring)

@: not resistant to hostile enchantments, extremely unstealthy
A: rough black scales 1
a: Depart the Abyss, Bend Space, Renounce Religion


You were on level 2 of the Dungeon.
You worshipped Lugonu.
Lugonu was pleased with you.
You were near starving.

You visited 1 branch of the dungeon, and saw 2 of its levels.
You visited the Abyss 1 time.

You collected 46 gold pieces.

Inventory:

Hand Weapons
 a - a +1 hand axe (weapon)
 m - a +0 trident
Armour
 d - a +0 chain mail (worn)
Scrolls
 b - 2 scrolls of blinking {unknown}
 f - 2 scrolls of identify {unknown}
 i - 2 scrolls of remove curse {unknown}
 j - a scroll of fog {unknown}
 k - a scroll of amnesia {unknown}
Comestibles
 c - 2 bread rations
 h - 2 fruits
 l - a beef jerky


   Skills:
 + Level 3.7 Fighting
 + Level 2.2 Axes
 * Level 3.3 Armour
 + Level 1.9 Dodging
 + Level 0.2 Stealth
 + Level 3.4 Invocations


You had 4 spell levels left.
You didn't know any spells.

Dungeon Overview and Level Annotations

Branches:
Dungeon (2/15)

Altars:

Annotations:
D:2 Sigmund


Innate Abilities, Weirdness & Mutations

You are partially covered in rough black scales (AC +4, Dex -1).


Message History

You closely miss Sigmund.
Sigmund is almost dead.
Sigmund casts a spell.
Sigmund flickers and vanishes!
Deactivating autopickup; reactivate with Ctrl-A.
You miss something.
You hear some strange, mumbled words.
A puff of flame appears from out of thin air!
The puff of flame hits you!
You barely miss something.
You are near starving!
Something hits you.
* * * LOW HITPOINT WARNING * * *
You miss something. Something hits you.
* * * LOW HITPOINT WARNING * * *
Your chain mail prevents you from hitting something.
You hear some strange, mumbled words.
A puff of flame appears from out of thin air!
The puff of flame hits you!
You die...

####....(.##.# #.##......#. #
#.........##. #.##......#. #
#......#####.# #.##..)...#< #
#......#####.# #.##......#. #
###........#.# #.######'##.
######........#.# #.######.##.
#.............#.# #.........#.
#)####........#.################.
#.# #........#.@{...............
#g# #........#'#################
..# #................# ###
#####'##+#........#
#........#........#
#####.................##########
....'.........#.#...#..........#
#####...........#####........#.#
)...'........#..# #........#.#


There were no monsters in sight!

Vanquished Creatures
  Ijyb (D:2)
  Natasha (twice) (D:2)
  3 gnolls
  An adder (D:2)
  A worm (D:2)
  2 dart slugs (D:1)
  A ball python (D:1)
  2 bats (D:1)
  5 giant cockroaches
  4 hobgoblins
  7 jackals (D:1)
  4 kobolds (D:1)
  4 giant newts (D:1)
  A goblin (D:1)
  8 rats (D:1)
46 creatures vanquished.

Vanquished Creatures (others)
  3 starspawn tentacles (Abyss:1)
  13 starspawn tentacle segments (Abyss:1)
16 creatures vanquished.

Grand Total: 62 creatures vanquished

Notes
Turn   | Place    | Note
--------------------------------------------------------------
     0 | Abyss:1  | Gargoyl the Demonspawn Abyssal Knight began the quest for the Orb.
     0 | Abyss:1  | Reached XP level 1. HP: 18/18 MP: 2/2
    64 | Abyss:1  | Noticed a tentacled starspawn
    73 | D:1      | Escaped the Abyss
   178 | D:1      | Reached skill level 1 in Dodging
   178 | D:1      | Gained mutation: You are partially covered in rough black scales (AC +4, Dex -1). [demonic ancestry]
   178 | D:1      | Reached XP level 2. HP: 2/24 MP: 4/4
   475 | D:1      | Reached * piety under Lugonu
   682 | D:1      | Reached XP level 3. HP: 29/29 MP: 5/5
  1108 | D:1      | Reached ** piety under Lugonu
  1742 | D:2      | Reached XP level 4. HP: 33/35 MP: 6/6
  1846 | D:2      | Noticed Ijyb
  1864 | D:2      | Killed Ijyb
  1879 | D:2      | Noticed Natasha
  1897 | D:2      | HP: 1/36 [white imp/puff of frost[Natasha] (2)]
  1901 | D:2      | Killed Natasha
  1935 | D:2      | Noticed Natasha
  2148 | D:2      | Killed Natasha
  2148 | D:2      | Reached XP level 5. HP: 25/42 MP: 7/7
  2445 | D:2      | Noticed Sigmund
  2464 | D:2      | HP: 1/42 [something (5)]
  2465 | D:2      | Killed from afar by Sigmund

Skill      XL: |  1  2  3  4 |
---------------+-------------+-----
Armour         | 2 3 |  3.3
Dodging        | 1 |  1.9
Invocations    | 3 |  3.4
Axes           | 2 |  2.2
Fighting       | |  3.7
Stealth        | |  0.2

Action                   |  1- 3 |  4- 6 || total
-------------------------+-------+-------++-------
Melee: Hand axe          |   150 |    74 ||   224
Invok: Depart the Abyss  |     1 |       ||     1
  Use: Potion            |       |     4 ||     4
  Eat: Chunk             |     3 |     1 ||     4
Armor: Chain mail        |   125 |    63 ||   188
Dodge: Dodged            |    30 |    23 ||    53
